 Dungeon Crawl Stone Soup version 0.29.0-4-gdea44cf6ec (webtiles) character file.

Game seed: 14055164960162973729

65 qw the Chopper (level 4, 0/26 HPs)
             Began as a Tengu Warper on Aug 28, 2022.
             Killed from afar by a dart slug (1 damage)
             ... with a slug dart
             ... on level 3 of the Dungeon.
             The game lasted 00:00:11 (1974 turns).

qw the Chopper (Tengu Warper)                       Turns: 1974, Time: 00:00:12

Health: 0/26       AC:  6    Str: 14    XL:     4   Next: 13%
Magic:  8/8        EV:  9    Int: 13    God:
Gold:   143        SH:  0    Dex: 13    Spells: 7/7 levels left

rFire   . . .      SeeInvis .   Y - +1 hand axe
rCold   . . .      Faith    .   (no shield)
rNeg    . . .      Spirit   .   e - +0 scale mail
rPois   .          Reflect  .   (helmet restricted)
rElec   .          Harm     .   (no cloak)
rCorr   .          Rampage  .   (no gloves)
Will    .....                   (boots unavailable)
Stlth   ..........              (no amulet)
HPRegen 0.08/turn               (no ring)
MPRegen 0.11/turn               (no ring)

@: no status effects
A: beak, talons 3
a: no special abilities


You were on level 3 of the Dungeon.
You visited 1 branch of the dungeon, and saw 3 of its levels.

You collected 143 gold pieces.


Innate Abilities, Weirdness & Mutations

You have a beak for a mouth.
You have claws for feet.


   Skills:
 - Level 2.0 Fighting
 + Level 4.7 Axes
 - Level 1.0 Throwing
 - Level 1.1 Armour
 - Level 2.1 Dodging
 - Level 2.0 Spellcasting
 - Level 2.4 Translocations


You had 7 spell levels left.
You didn't know any spells.
Your spell library contained the following spells:

 Spells                   Type           Power      Damage    Failure   Level
 Blink                    Tloc           14%        N/A       54%         2
 Gell's Gravitas          Tloc           7%         N/A       77%         3
 Lesser Beckoning         Tloc           7%         N/A       77%         3
 Teleport Other           Tloc           7%         N/A       77%         3
 Manifold Assault         Tloc           7%         N/A       100%        5

Inventory:

Hand Weapons
 d - a +1 mace of holy wrath
 Y - a +1 hand axe (weapon)
Missiles
 g - 2 boomerangs
 h - 4 javelins (quivered)
Armour
 e - a +0 scale mail (worn)
Scrolls
 a - 2 scrolls of identify
 f - a scroll of enchant armour

Dungeon Overview and Level Annotations

Branches:
Dungeon (3/15)

Altars:
Elyvilon


Message History

You barely miss the hobgoblin. Your kick misses the hobgoblin.
The hobgoblin hits you but does no damage.
You closely miss the hobgoblin.
You claw the hobgoblin, but do no damage.
You peck the hobgoblin, but do no damage.
The hobgoblin closely misses you.
You barely miss the hobgoblin.
You claw the hobgoblin, but do no damage.
The hobgoblin closely misses you.
You hit the hobgoblin. Your kick misses the hobgoblin. You peck the hobgoblin.
You kill the hobgoblin!
You feel your willpower return.
Found an escape hatch in the ceiling.
Enter note: You now have 143 gold pieces (gained 13).
An orc priest and a dart slug come into view.
Found 12 gold pieces.
The orc priest shouts! 2 orcs and an orc priest come into view.
The orc shouts! x2; The orc priest shouts!
You hear an angry hiss.
An adder comes into view.
The adder hisses angrily.
The orc priest calls down the wrath of Beogh upon you.
Pain shoots through your body!
Ouch! That really hurt!
You hit the orc priest. Your peck misses the orc priest.
The orc priest is lightly wounded.
You hit the orc but do no damage. You miss the adder.
The adder bites you but does no damage. The orc hits you but does no damage.
You hit the orc priest. Your kick misses the orc priest.
The orc priest is moderately wounded.
You hit the orc priest but do no damage.
You barely miss the orc. You hit the adder.
The adder bites you but does no damage.
The orc priest casts a cantrip, but nothing happens.
The orc priest invokes the aid of Beogh against you.
Beogh smites you! The orc hits you with a +0 hand axe.
The dart slug launches a dart at you. The slug dart hits you.
You die...

.....#.. ..<..#..
####### #.......
###.....# #.......
........## #...#.##
.........# ####.......
.......o.###.#......#..#
#...ooS....#.###..##..
#...o@######.#....##..
##...#.......#.#...#..
.....#.#.#######.#.#...#
.... w...# # #.###.. ...
...... #.#.# #.#
.........# #...###.# .
.......# #...%<...
........# #...#.###
.....$.# ##.....


You could see 2 orc priests, an adder, a dart slug and 2 orcs.

Vanquished Creatures
  An adder (D:2)
  3 dart slugs (D:2)
  7 ball pythons
  3 bats
  4 endoplasms
  2 giant cockroaches
  7 goblins
  4 hobgoblins
  5 quokkas
  2 frilled lizards (D:1)
  2 kobolds (D:1)
  6 rats
46 creatures vanquished.

Notes
Turn   | Place    | Note
-------+----------+-------------------------------------------
     0 | D:1      | qw the Tengu Warper began the quest for the Orb.
     0 | D:1      | Reached XP level 1. HP: 12/12 MP: 4/4
     0 | D:1      | 0 ||| qw: Version: 0.1-a-89-g26bdef1
     0 | D:1      | 0 ||| qw: Game counter: 313
     0 | D:1      | 0 ||| qw: Always use a shield: true
     0 | D:1      | 0 ||| qw: God list: Okawaru
     0 | D:1      | 0 ||| qw: Allow faded altars: false
     0 | D:1      | 0 ||| qw: Do Orc after D:15 true
     0 | D:1      | 0 ||| qw: Do second Lair branch before Depths: true
     0 | D:1      | 0 ||| qw: Lair rune preference: random
     0 | D:1      | 0 ||| qw: Plans: Normal
     0 | D:1      | 0 ||| PLANNING D:1-11
   175 | D:1      | Reached skill level 3 in Axes
   175 | D:1      | Reached XP level 2. HP: 10/17 MP: 6/6
   183 | D:1      | 183 ||| Stepping ~*~*~tactically~*~*~ (stealth).
   423 | D:1      | 423 ||| Stepping ~*~*~tactically~*~*~ (stealth).
   434 | D:1      | 434 ||| Stepping ~*~*~tactically~*~*~ (stealth).
   859 | D:1      | Reached XP level 3. HP: 21/21 MP: 7/7
  1013 | D:1      | 1013 ||| UPGRADING to +0 scale mail.
  1023 | D:1      | 1023 ||| DROPPING +0 leather armour.
  1024 | D:1      | 1024 ||| READING 2 scrolls labelled MUEPO OMAIRGH.
  1025 | D:1      | 1025 ||| DROPPING scroll of blinking.
  1084 | D:2      | 1084 ||| DROPPING +0 club.
  1113 | D:2      | 1113 ||| Stepping ~*~*~tactically~*~*~ (stealth).
  1115 | D:2      | 1115 ||| Stepping ~*~*~tactically~*~*~ (hiding).
  1116 | D:2      | 1116 ||| Stepping ~*~*~tactically~*~*~ (hiding).
  1147 | D:2      | 1147 ||| Stepping ~*~*~tactically~*~*~ (stealth).
  1154 | D:2      | Reached skill level 4 in Axes
  1191 | D:2      | 1191 ||| DROPPING +0 whip.
  1313 | D:2      | Found a white marble altar of Elyvilon.
  1328 | D:2      | 1328 ||| Stepping ~*~*~tactically~*~*~ (hiding).
  1329 | D:2      | 1329 ||| Stepping ~*~*~tactically~*~*~ (hiding).
  1543 | D:2      | 1543 ||| Stepping ~*~*~tactically~*~*~ (stealth).
  1669 | D:2      | Found a faded altar of an unknown god.
  1683 | D:2      | Reached XP level 4. HP: 23/26 MP: 8/8
  1912 | D:2      | 1912 ||| READING scroll labelled XEIGGEEGEM.
  1913 | D:2      | 1913 ||| READING 2 scrolls labelled XIROIBL CEOM GETRU.
  1914 | D:2      | 1914 ||| READING 2 scrolls labelled OLALUTH XUQIO.
  1915 | D:2      | 1915 ||| READING scroll labelled JID MATEERUKH.
  1916 | D:2      | 1916 ||| DROPPING scroll of magic mapping.
  1974 | D:3      | HP: 2/26 [orc priest/divine providence (11)]
  1974 | D:3      | Killed from afar by a dart slug

Levels and vault maps discovered:
D:1:      dpeg_arrival_connections, layout_rooms, solitary_fountain
D:2:      layout_basic, basic_altar, nicolae_ecumenical_snake_handling,
          minmay_increasing_density
D:3:      layout_basic, grunt_qazlal_sundering, st_stairs_7, uniq_ijyb

Skill      XL: |  1  2  3 |
---------------+----------+-----
Axes           | 3 4 |  4.7
Fighting       | |  2.0
Throwing       | |  1.0
Armour         | |  1.1
Dodging        | |  2.1
Spellcasting   | |  2.0
Translocations | |  2.4

Action                   |  1- 3 |  4- 6 || total
-------------------------+-------+-------++-------
Melee: Hand axe          |    82 |     9 ||    91
       Kick              |    21 |     3 ||    24
       Peck              |    10 |     3 ||    13
Throw: Boomerang         |    21 |       ||    21
       Javelin           |     9 |       ||     9
  Use: Scroll            |     1 |     4 ||     5
Armor: Leather armour    |     4 |       ||     4
       Scale mail        |    14 |     6 ||    20
Dodge: Dodged            |    46 |     3 ||    49

Table legend:
 A = Non-vault XP
 B = Vault XP
 C = Vault XP percentage of total XP
 D = Non-vault monster count
 E = Vault monster count
 F = Vault count percentage of total count
                 A         B        C        D         E       F
            +---------+---------+-------+---------+---------+-------
      Total |      66 |      27 |  29.0 |      36 |      10 |  21.7
            +---------+---------+-------+---------+---------+-------
        D:1 |      35 |       0 |   0.0 |      21 |       0 |   0.0
        D:2 |      28 |      27 |  49.1 |      13 |      10 |  43.5
        D:3 |       3 |       0 |   0.0 |       2 |       0 |   0.0
            +---------+---------+-------+---------+---------+-------
